 Dungeon Crawl Stone Soup version 0.27.1-2-g3b301248ec (webtiles) character file.

Game seed: 11294357435946791790

9277 Descartes the Grappler (level 11, -6/94 HPs)
             Began as a Troll Monk on Oct 5, 2021.
             Hit by a javelin thrown by a centaur (12 damage)
             ... in a bailey.
             The game lasted 00:19:52 (7902 turns).

Descartes the Grappler (Troll Monk)                 Turns: 7902, Time: 00:19:52

Health: -6/94      AC:  8    Str: 27    XL:     11   Next: 20%
Magic:  10/10      EV: 11    Int: 12    God:
Gold:   436        SH:  0    Dex: 12    Spells: 10/10 levels left

rFire    + . .     SeeInvis .     - Unarmed
rCold    + . .     Faith    .   (no shield)
rNeg     . . .     Spirit   .   a - +0 robe {Will+}
rPois    +         Reflect  .   M - +1 hat {Int+3}
rElec    .         Harm     .   L - +2 cloak {Will+}
rCorr    +         Rampage  .   (gloves unavailable)
Will     +....                  (boots unavailable)
Stlth    ++........             (no amulet)
HPRegen  1.25/turn              d - ring "Faasoyte" {rPois rF+ Will- rCorr Str+6}
MPRegen  0.12/turn              O - ring of protection from cold

@: mighty, studying Evocations
A: large, unfitting armour, claws 3, regeneration 1, shaggy fur 1, tough skin 1
a: no special abilities


You were in a bailey.
You visited 2 branches of the dungeon, and saw 11 of its levels.
You also visited: Bailey.

You collected 705 gold pieces.
You spent 269 gold pieces at shops.

Inventory:

Hand Weapons
 i - a +0 falchion of flaming
 r - a +0 giant club
 A - a +4 halberd
 H - a +4 war axe of freezing
Missiles
 c - 284 stones (quivered)
 g - 6 atropa-tipped darts
 j - 7 boomerangs
 P - 5 javelins
Armour
 a - a +0 robe of willpower (worn)
 I - +0 acid dragon scales
 L - a +2 cloak of willpower (worn)
 M - a +1 hat of intelligence (worn)
Jewellery
 d - the ring "Faasoyte" (left claw) {rPois rF+ Will- rCorr Str+6}
   (You acquired it on level 6 of the Dungeon)

   [ring of resist corrosion]

   Str:       It affects your strength (+6).
   rF:        It protects you from fire.
   rPois:     It protects you from poison.
   rCorr:     It protects you from acid and corrosion.
   Will:      It decreases your willpower.
 n - a ring of protection from fire
 O - a ring of protection from cold (right claw)
Wands
 q - a wand of digging (7)
 x - a wand of flame (20)
 B - a wand of polymorph (6)
 G - a wand of iceblast (6)
 J - a wand of paralysis (9)
Scrolls
 b - a scroll of magic mapping
 e - 3 scrolls of immolation
 m - 2 scrolls of amnesia
 o - 4 scrolls of enchant armour
 p - 6 scrolls of teleportation
 s - a scroll of vulnerability
 w - a scroll of torment
 y - a scroll of fog
 C - a scroll of blinking
 D - a scroll of summoning
 F - 2 scrolls of identify
 K - a scroll of enchant weapon
Potions
 f - 7 potions of curing
 h - a potion of brilliance
 k - 2 potions of magic
 t - a potion of attraction
 u - a potion of lignification
 E - a potion of haste {unknown}
 N - a potion of cancellation {unknown}


   Skills:
 - Level 2.4 Fighting
 - Level 5.0 Armour
 - Level 5.0 Dodging
 - Level 1.0 Stealth
 + Level 13.0 Unarmed Combat
 + Level 7.7 Evocations


You had 10 spell levels left.
You didn't know any spells.
Your spell library contained the following spells:

 Spells                   Type           Power      Damage    Failure   Level
 Pain                     Necr           0%         1d4       32%         1
 Slow                     Hex            0%         N/A       45%         2
 Confusing Touch          Hex            0%         N/A       69%         3
 Vampiric Draining        Necr           0%         2d6       69%         3
 Agony                    Necr           0%         N/A       100%        5
 Excruciating Wounds      Necr           0%         N/A       100%        5


Dungeon Overview and Level Annotations

Branches:
Dungeon (11/15)            Temple (1/1) D:5          Bailey (1/1)
   Lair: D:8-11         Orc: D:9-12

Altars:
Ashenzari
Cheibriados
Dithmenos
Elyvilon
Fedhas
Gozag
Hepliaklqana
Kikubaaqudgha
Makhleb
Nemelex Xobeh
Okawaru
Qazlal
Ru
Sif Muna
Trog
Uskayaw
Vehumet
Wu Jian
Xom
Yredelemnul
Zin

Shops:
D:6 ?   D:7 [!(

Annotations:
D:11 Snorg


Innate Abilities, Weirdness & Mutations

You are too large for most types of armour.
You have claws for hands.
Your natural rate of healing is unusually fast.
You are covered in fur. (AC +1)
You have tough skin. (AC +1)


Message History

The orc warrior hits you but does no damage.
The centaur hits you from afar with a +0 halberd.
* * * LOW HITPOINT WARNING * * *
The orc closely misses you.
You completely miss the centaur.
The centaur is almost dead.
The centaur barely misses you.
The centaur kicks you but does no damage.
The centaur throws a javelin.
The javelin barely misses you.
The javelin pierces through the centaur!
The centaur dies!
The orc warrior hits you from afar with a +0 halberd!
* * * LOW HITPOINT WARNING * * *
You feel much better. The centaur barely misses you.
The orc closely misses you.
The orc warrior hits you from afar with a +0 halberd!
* * * LOW HITPOINT WARNING * * *
The centaur hits you from afar with a +0 halberd.
* * * LOW HITPOINT WARNING * * *
You feel very mighty all of a sudden. The orc completely misses you.
The centaur misses you. The orc warrior barely misses you.
Okay, then.
As you read the scroll of fear, it crumbles to dust.
You assume a fearsome visage.
The centaur looks frightened! x2
The orc warrior looks frightened!
The orc looks frightened!
The orc warrior looks frightened!
Cornered, the centaur turns to fight! x2
Things that are here:
a +0 spear; a +0 chain mail The centaur throws a javelin.
The javelin pierces through you.
* * * LOW HITPOINT WARNING * * *
The centaur throws a javelin.
The javelin pierces through you but does no damage.
The centaur throws a javelin.
The javelin barely misses you.
The centaur throws a javelin.
The javelin closely misses you.
The centaur throws a javelin.
The javelin pierces through you!
* * * LOW HITPOINT WARNING * * *
The centaur throws a javelin.
The javelin pierces through you!
You die...

≈≈≈.≈≈≈.........≈≈≈.≈≈≈≈#
≈≈≈c≈.....≈≈≈.....≈.≈≈≈≈#
≈≈.≈≈.⌠..≈≈≈≈≈..⌠.≈≈.≈≈≈#
≈≈.≈.....≈≈≈≈≈.)...≈.≈≈≈#
≈.≈≈...)≈≈≈≈≈≈≈....≈≈.≈≈#
≈.≈.....≈≈≈≈≈≈≈.....≈.≈≈#
≈.≈.....≈≈≈:≈≈≈.....≈.≈≈#
≈.≈.....≈≈≈)≈≈≈.....≈.≈≈#
≈.≈.....≈≈≈?≈≈≈.@...≈.≈≈#
≈.≈.....≈≈≈≈≈≈≈.....≈.≈≈#
≈.≈≈....≈≈≈≈≈≈≈....≈≈.≈≈#
≈.....≈≈≈≈≈.....≈.≈≈≈#
≈≈.⌠..≈≈≈≈≈..⌠.≈≈c≈≈≈#
.≈.....≈≈≈.)...≈.≈≈≈≈#
.≈≈≈.......).≈≈≈.≈≈≈≈#
≈..≈≈≈.....≈≈≈c.≈≈≈≈≈#
≈≈≈..≈≈≈.≈≈≈..≈≈≈≈≈≈≈#


You could see 2 centaurs.

Vanquished Creatures
  Gastronok (D:9)
  An oklob plant (D:4)
  Maurice (D:8)
  A kobold demonologist (D:9)
  Maggie (D:8)
  Psyche (D:8)
  A hornet (D:9)
  A shadow (D:11)
  A wyvern (D:9)
  Menkaure (D:5)
  2 water moccasins
  2 black bears
  Purgy (D:3)
  3 ice beasts
  A necrophage (D:5)
  8 orc warriors (Bailey)
  2 ogres
  6 centaurs
  A phantom (D:6)
  Blork the orc (D:5)
  4 bullfrogs
  7 scorpions
  2 wyvern zombies
  6 killer bees (D:9)
  9 wights
  2 howler monkeys
  6 centaur zombies
  A bullfrog zombie (D:6)
  A jelly (D:4)
  4 hounds
  A bullfrog skeleton (D:5)
  5 orc priests
  2 centaur skeletons (D:7)
  2 iguanas
  10 orc wizards
  2 killer bee zombies
  7 howler monkey zombies
  3 gnolls (D:6)
  7 adders
  A white imp (D:5)
  2 adder skeletons (D:4)
  A worm (D:3)
  2 dart slugs
  56 orcs
  7 ball pythons
  7 endoplasms
  2 giant cockroaches (D:3)
  9 goblins
  6 hobgoblins
  3 quokkas
  10 bats
  4 frilled lizards
  6 kobolds
  A quokka skeleton (D:4)
  4 rats
239 creatures vanquished.

Vanquished Creatures (others)
  A centaur (Bailey)
  An orc (Bailey)
  4 fungi (D:4)
6 creatures vanquished.

Grand Total: 245 creatures vanquished

Notes
Turn   | Place    | Note
-------+----------+-------------------------------------------
     0 | D:1      | Descartes the Troll Monk began the quest for the Orb.
     0 | D:1      | Reached XP level 1. HP: 22/22 MP: 0/0
   122 | D:1      | Reached XP level 2. HP: 26/29 MP: 1/1
   456 | D:1      | Found a faded altar of an unknown god.
   808 | D:1      | Reached XP level 3. HP: 36/36 MP: 2/2
  1858 | D:3      | Reached skill level 4 in Unarmed Combat
  1910 | D:3      | Reached XP level 4. HP: 44/44 MP: 3/3
  1993 | D:3      | Found an iron altar of Okawaru.
  2006 | D:3      | Found a radiant altar of Vehumet.
  2009 | D:3      | Found a burning altar of Makhleb.
  2012 | D:3      | Found a shadowy altar of Dithmenos.
  2234 | D:3      | Found a sacrificial altar of Ru.
  2444 | D:4      | Noticed Purgy
  2451 | D:4      | Noticed an ogre
  2509 | D:3      | Killed Purgy
  2510 | D:3      | Reached skill level 5 in Unarmed Combat
  2510 | D:3      | Reached XP level 5. HP: 35/50 MP: 4/4
  2546 | D:3      | Killed an ogre
  2547 | D:3      | Reached XP level 6. HP: 25/59 MP: 5/5
  2853 | D:4      | Found a blossoming altar of Fedhas.
  2869 | D:4      | Noticed an oklob plant
  2909 | D:4      | Killed an oklob plant
  2910 | D:4      | Reached skill level 5 in Dodging
  2910 | D:4      | Reached skill level 7 in Unarmed Combat
  2910 | D:4      | Reached XP level 7. HP: 66/66 MP: 6/6
  3008 | D:4      | Reached skill level 8 in Unarmed Combat
  3038 | D:4      | Reached XP level 8. HP: 74/74 MP: 7/7
  3143 | D:4      | Found a snail-covered altar of Cheibriados.
  3420 | D:5      | Entered Level 5 of the Dungeon
  3425 | D:5      | Noticed Menkaure
  3432 | D:5      | Killed Menkaure
  3433 | D:5      | Reached skill level 9 in Unarmed Combat
  3471 | D:5      | Noticed Blork the orc
  3478 | D:5      | Killed Blork the orc
  3572 | D:5      | Found a staircase to the Ecumenical Temple.
  3578 | Temple   | Entered the Ecumenical Temple
  4095 | D:5      | Reached skill level 10 in Unarmed Combat
  4235 | D:6      | Reached skill level 1 in Evocations
  4312 | D:6      | Reached XP level 9. HP: 67/80 MP: 8/8
  4341 | D:6      | Found a stormy altar of Qazlal.
  4372 | D:6      | Found Bugh's Magic Scroll Boutique.
  4519 | D:6      | Bought a scroll of magic mapping for 38 gold pieces
  4519 | D:6      | Bought a scroll of teleportation for 33 gold pieces
  4519 | D:6      | Bought a scroll of identify for 22 gold pieces
  4522 | D:6      | Identified a scroll of acquirement
  4530 | D:6      | Acquired the ring "Faasoyte" {rPois rF+ Will- rCorr Str+6}
  4688 | D:7      | Reached skill level 11 in Unarmed Combat
  4938 | D:7      | Found Visoir's Armour Shop.
  5098 | D:7      | Found Kiqeagip's Antique Weapon Emporium.
  5176 | D:7      | Found Gusegier's Distillery.
  5225 | D:6      | Bought a scroll of identify for 22 gold pieces
  5225 | D:6      | Bought a scroll of identify for 22 gold pieces
  5225 | D:6      | Bought a scroll of identify for 22 gold pieces
  5225 | D:6      | Bought a scroll of identify for 22 gold pieces
  5225 | D:6      | Bought a scroll of identify for 22 gold pieces
  5225 | D:6      | Bought 3 scrolls of identify for 66 gold pieces
  6007 | D:8      | Noticed Maggie
  6018 | D:8      | Killed Maggie
  6091 | D:8      | Reached XP level 10. HP: 88/88 MP: 9/9
  6129 | D:8      | Reached skill level 1 in Armour
  6190 | D:8      | Noticed Psyche
  6206 | D:8      | Killed Psyche
  6207 | D:8      | Reached skill level 12 in Unarmed Combat
  6207 | D:8      | Reached skill level 5 in Evocations
  6331 | D:8      | Noticed Maurice
  6343 | D:8      | Killed Maurice
  6464 | D:8      | Acquired a manual of Evocations
  6662 | D:9      | Noticed Gastronok
  6685 | D:9      | Killed Gastronok
  6903 | D:9      | Found a broken altar of Ashenzari.
  6916 | D:9      | Found a hide-covered altar of Uskayaw.
  6957 | D:9      | Found a basalt altar of Yredelemnul.
  7119 | D:9      | You fall into a shaft and drop 2 floors!
  7139 | D:11     | Reached XP level 11. HP: 94/94 MP: 10/10
  7183 | D:11     | Noticed Snorg
  7184 | D:11     | Found a flagged portal.
  7193 | Bailey   | Entered a bailey
  7395 | Bailey   | Reached skill level 13 in Unarmed Combat
  7880 | Bailey   | Reached skill level 5 in Armour
  7902 | Bailey   | Hit by a javelin thrown by a centaur

Illustrated notes

Levels and vault maps discovered:
D:1:      dpeg_arrival_yet_another_circle, layout_basic,
          ebering_ecumenical_altar_abandoned
D:2:      layout_loops_ring, chequers_serial_rivers_small_a, grunt_ministairs_12
D:3:      layout_rooms, mainiacjoe_overflow_surrounded_room,
          grunt_temple_overflow_cloverleaf, hangedman_decor_clover_reticule
D:4:      layout_loops_ring, nicolae_overflow_hidden_temple, tgw_fedhas,
          uniq_purgy
D:5:      layout_basic, minmay_temple_entry_proselytizer, uniq_menkaure,
          uniq_blork_the_orc
D:6:      layout_rooms, lemuel_doored_altar, serial_shops, shop, st_stairs_6
D:7:      layout_basic, serial_shops, shop, shop_coins, nicolae_diamond_shop
D:8:      layout_loops_ring, uniq_maurice, uniq_maggie, uniq_psyche
D:9:      layout_roguey, nicolae_yredelemnul_corpse_copse,
          amethyst_overflow_temple_binary, kennysheep_decorative_pillar,
          kennysheep_generic_room_13, uniq_gastronok
D:11:     statuecave_lemuel, layout_stronghold, enter_bailey_8, uniq_snorg,
          uniq_nergalle, uniq_sonja
Temple:   eino_temple_lava
Bailey:   bailey_polearm_flooded_kennysheep, bailey

Skill      XL: |  1  2  3  4  5  6  7  8  9 10 11 |
---------------+----------------------------------+-----
Dodging        | 3 4 5 |  5.0
Unarmed Combat | 4 5 7 8 10 11 12 13 | 13.0
Evocations     | 1 4 7 |  7.7
Armour         | 4 5 |  5.0
Fighting       | |  2.4
Stealth        | |  1.0

Action                   |  1- 3 |  4- 6 |  7- 9 | 10-12 || total
-------------------------+-------+-------+-------+-------++-------
Melee: Unarmed           |   133 |   143 |   239 |   242 ||   757
       Punch             |     2 |     2 |    11 |    16 ||    31
Evoke: Wand              |       |       |       |     1 ||     1
  Use: Scroll            |       |       |    20 |     4 ||    24
       Potion            |       |       |       |     5 ||     5
 Stab: Sleeping          |     4 |     3 |     6 |       ||    13
Armor: Robe              |    49 |    29 |    38 |   100 ||   216
       Acid dragon scale |       |       |     2 |    12 ||    14
Dodge: Dodged            |    70 |    58 |   105 |   198 ||   431
